 Dungeon Crawl Stone Soup version 0.27.0-1-g7a089689b8 (webtiles) character file.

Game seed: 17173190196810592061

7 x13thangelx the Skirmisher (level 1, 0/18 HPs)
             Began as a Demonspawn Abyssal Knight on Aug 7, 2021.
             Was a Follower of Lugonu.
             Slain by a starspawn tentacle (3 damage)
             ... attached to a tentacled starspawn
             ... on level 1 of the Abyss.
             The game lasted 00:01:34 (179 turns).

x13thangelx the Skirmisher (DsAK)                    Turns: 179, Time: 00:01:35

Health: 0/18       AC:  4    Str: 12    XL:     1   Next: 91%
Magic:  2/2        EV:  8    Int: 13    God:    Lugonu [*.....]
Gold:   0          SH:  0    Dex: 12    Spells: 0/0 levels left

rFire    . . .     SeeInvis .   a - +1 falchion
rCold    . . .     Faith    .   (no shield)
rNeg     . . .     Spirit   .   b - +0 leather armour
rPois    .         Reflect  .   (no helmet)
rElec    .         Harm     .   (no cloak)
rCorr    .         Rampage  .   c - +0 pair of gloves
Will     .....                  (no boots)
Stlth    +.........             (no amulet)
HPRegen  0.06/turn              (no ring)
MPRegen  0.08/turn              (no ring)

@: very slightly contaminated, constricted, invisible
A: no striking features
a: Renounce Religion, Depart the Abyss


You were on level 1 of the Abyss.
You worshipped Lugonu.
Lugonu was aware of your devotion.
You visited 0 branches of the dungeon, and saw 0 of its levels.
You visited the Abyss 1 time.

Inventory:

Hand Weapons
 a - a +1 falchion (weapon)
Armour
 b - a +0 leather armour (worn)
 c - a +0 pair of gloves (worn)


   Skills:
 + Level 3.3 Fighting
 + Level 1.9 Long Blades
 + Level 1.9 Armour
 + Level 0.8 Dodging
 + Level 2.5 Invocations


You couldn't memorise any spells.
You didn't know any spells.
Your spell library was empty.

Dungeon Overview and Level Annotations

Branches:
Dungeon (0/15)

Altars:


Message History

You are too injured to fight recklessly!
Unknown command.
You start resting.
A tentacled starspawn is nearby!
A tentacled starspawn is nearby!
You start resting.
An apocalypse crab comes into view.
An apocalypse crab is nearby!
Unknown command.
Non-targeted abil: Depart the Abyss
Press: ? - help, Q - select action Dir - look around, f - activate You are too injured to fight recklessly!
The apocalypse crab breathes chaos at you.
Non-targeted abil: Depart the Abyss
Press: ? - help, Q - select action Dir - look around, f - activate You are too injured to fight recklessly!
You start resting.
An apocalypse crab is nearby!
Non-targeted abil: Depart the Abyss
Press: ? - help, Q - select action Dir - look around, f - activate You are too injured to fight recklessly!
You start resting.
An apocalypse crab is nearby!
You hit the apocalypse crab but do no damage.
The apocalypse crab closely misses you.
The apocalypse crab claws you but does no damage.
You hit the apocalypse crab but do no damage.
The apocalypse crab bites you but does no damage.
The apocalypse crab claws you!
* * * LOW HITPOINT WARNING * * *
You fade into invisibility!
You are very lightly contaminated with residual magic.
A wretched star and a worldbinder come into view.
A tentacle flies out from the starspawn's body!
A worldbinder comes into view.
A starspawn tentacle comes into view.
A starspawn tentacle comes into view.
The worldbinder calls forth creatures from the Swamp! x2
The starspawn tentacle grabs you.
You die...

... .. . . .. ##..#
... . . .. ..... .
. ... #..n# .X
#....
#.#..x##...##─X..
#...y...###──w...
.....x...@w....##
#.......t...##.###
#.......#####... #
§..*...#.#..#..#..#
§....##.#...#.#.##.
§..# #.#....... .#
§# ..#.###......
.#.#.. ###..#.
..#..#..# ###..


You could see a tentacled starspawn, a wretched star, an apocalypse crab, 2
worldbinders, a bog body (summoned, wandering), a vampire mosquito (summoned,
wandering) and 2 starspawn tentacles.

Vanquished Creatures
  A white imp (Abyss:1)
1 creature vanquished.

Notes
Turn   | Place    | Note
-------+----------+-------------------------------------------
     0 | Abyss:1  | x13thangelx the Demonspawn Abyssal Knight began the quest
                  | for the Orb.
     0 | Abyss:1  | Reached XP level 1. HP: 18/18 MP: 2/2
   148 | Abyss:1  | Noticed a tentacled starspawn
   159 | Abyss:1  | Noticed an apocalypse crab
   177 | Abyss:1  | Noticed a wretched star
   177 | Abyss:1  | Noticed a worldbinder
   178 | Abyss:1  | Noticed a worldbinder
   179 | Abyss:1  | Slain by a starspawn tentacle

Illustrated notes

Levels and vault maps discovered:
Abyss:1:  base: Temple, base:
Temple

Action                   || total
-------------------------++-------
Melee: Falchion          ||     8
Armor: Leather armour    ||     3
Dodge: Dodged            ||     4
